 Dungeon Crawl Stone Soup version 0.31-a0-198-g2ad674f65e (webtiles) character file.

Game seed: 7765884401114328522

3 qw the Shooter (level 1, -1/12 HPs)
             Began as a Deep Elf Hunter on June 25, 2023.
             Slain by a kobold
             ... wielding a +0 whip
              (3 damage)
             ... on level 1 of the Dungeon.
             The game lasted 00:00:02 (36 turns).

qw the Shooter (Deep Elf Hunter)                      Turns: 36, Time: 00:00:02

Health: -1/12      AC:  3    Str:  8    XL:     1   Next: 41%
Magic:  3/3        EV: 12    Int: 13    God:
Gold:   0          SH:  0    Dex: 18    Spells: 0/0 levels left

rFire   . . .        a - +0 shortbow
rCold   . . .        (shield currently unavailable)
rNeg    . . .        c - +0 leather armour
rPois   .            (no helmet)
rElec   .            (no cloak)
rCorr   .            (no gloves)
SInv    .            (no boots)
Will    .....        (no amulet)
Stlth   ++           (no ring)
HPRegen 0.22/turn    (no ring)
MPRegen 0.08/turn

%: no passive effects
@: no status effects
A: no striking features
a: no special abilities


You were on level 1 of the Dungeon.
You visited 1 branch of the dungeon, and saw 1 of its levels.


   Skills:
 - Level 1.5 Fighting
 + Level 5.5 Ranged Weapons
 - Level 2.4 Dodging
 - Level 1.2 Stealth


You couldn't memorise any spells.
You didn't know any spells.
Your spell library was empty.

Inventory:

Hand Weapons
 a - a +0 shortbow (weapon)
Armour
 c - a +0 leather armour (worn)
Scrolls
 b - a scroll of butterflies

Dungeon Overview and Level Annotations

Branches:
Dungeon (1/15)

Altars:


Message History

A kobold comes into view. It is wielding a +0 whip.
You shoot an arrow. The arrow closely misses the hobgoblin.
A jackal comes into view.
The jackal moves out of view.
You shoot an arrow. The arrow barely misses the hobgoblin.
The hobgoblin misses you.
You shoot an arrow. The arrow hits the hobgoblin.
You kill the hobgoblin!
The kobold throws a stone.
The stone hits you but does no damage. The jackal bites you.
You shoot an arrow. The arrow hits the jackal.
The jackal is severely wounded.
The jackal closely misses you.
The kobold throws a stone.
The stone closely misses you.
You shoot an arrow. The arrow closely misses the jackal.
The jackal bites you.
The kobold throws a stone.
The stone hits you but does no damage. The jackal bites you.
You shoot an arrow. The arrow closely misses the jackal.
The arrow completely misses the jackal.
The jackal bites you but does no damage.
The jackal bites you.
You shoot an arrow. The arrow barely misses the jackal.
The arrow closely misses the jackal.
The kobold misses you. The jackal barely misses you.
The kobold hits you with a +0 whip.
You shoot an arrow. The arrow closely misses the jackal.
The jackal bites you but does no damage.
The jackal misses you. The jackal barely misses you.
The jackal closely misses you. The kobold hits you with a +0 whip.
You shoot an arrow. The arrow hits the jackal!
You kill the jackal!
The jackal completely misses you. The kobold barely misses you.
You shoot an arrow. The arrow hits the jackal.
The jackal is severely wounded.
The jackal bites you but does no damage.
The jackal barely misses you. The kobold hits you but does no damage.
You shoot an arrow. The arrow hits the jackal!
You kill the jackal!
The kobold hits you with a +0 whip.
You die...

# .# .# #
#####.#.###
#.......)..
#..K....#.#
#..@%..$... #
###.#######.# #.
#.........#. #.
#...........
#.#...########
#............
...###.########
#####.#......#
....#.#....#.####


You could see a kobold.

Vanquished Creatures
  A hobgoblin (D:1)
  2 jackals (D:1)
  A rat (D:1)
4 creatures vanquished.

Notes
Turn   | Place    | Note
-------+----------+-------------------------------------------
     0 | D:1      | qw the Deep Elf Hunter began the quest for the Orb.
     0 | D:1      | Reached XP level 1. HP: 12/12 MP: 3/3
     0 | D:1      | 0 ||| qw: Version: 0.3-a-22-g0ed2b0b
     0 | D:1      | 0 ||| qw: Game counter: 4939
     0 | D:1      | 0 ||| qw: Melee chars always use a shield: true
     0 | D:1      | 0 ||| qw: God list: Okawaru
     0 | D:1      | 0 ||| qw: Allow faded altars: false
     0 | D:1      | 0 ||| qw: Do Orc after clearing Dungeon:15 true
     0 | D:1      | 0 ||| qw: Do second Lair branch before Depths: true
     0 | D:1      | 0 ||| qw: Lair rune preference: random
     0 | D:1      | 0 ||| qw: Goals: Normal
     0 | D:1      | 0 ||| PLANNING D:1-11
    32 | D:1      | HP: 3/12 [kobold/+0 whip (2)]
    33 | D:1      | HP: 1/12 [kobold/+0 whip (2)]
    36 | D:1      | Slain by a kobold

Levels and vault maps discovered:
D:1:      spicycebolla_green_bress_n_ham, layout_basic,
          shapermc_ecumenical_altar_notcrosses, grunt_decor_one_mirror

Action                     || total
---------------------------++-------
   Fire: Shortbow          ||    15
 Armour: Leather armour    ||     6
  Dodge: Dodged            ||    11

Table legend:
 A = Non-vault XP
 B = Vault XP
 C = Vault XP percentage of total XP
 D = Non-vault monster count
 E = Vault monster count
 F = Vault count percentage of total count
                 A         B        C        D         E       F
            +---------+---------+-------+---------+---------+-------
      Total |       7 |       0 |   0.0 |       4 |       0 |   0.0
            +---------+---------+-------+---------+---------+-------
        D:1 |       7 |       0 |   0.0 |       4 |       0 |   0.0
            +---------+---------+-------+---------+---------+-------
